Map: Backwater LE

Players

YorkiePud - Winner!

  • Race: Zerg Zerg
  • League: Diamond
  • Spawn Location: 11:00

LegenD

  • Race: Terran Terran
  • Spawn Location: 5:00

VOD

Have the link to the VOD?

Description

New map, new season <3

Time

  • Played on: Feb. 9, 2018, 6:04 a.m.
  • Length: 15:44
Show
View Real Time Build Order
Export as new Build Order

YorkiePud Zerg - Winner!

Build Orders: Hatch First, Lurkers 

Get SALT Encoding   

  12  0:01  Drone  
  13  0:12  Overlord  
  13  0:18  Drone  
  14  0:30  Drone x2  
  16  0:37  Drone  
  17  0:53  Hatchery  
  17  0:55  Drone  
  17  0:59  Drone  
  18  1:04  Extractor  
  17  1:15  Spawning Pool  
  17  1:18  Drone  
  17  1:21  Drone  
  18  1:27  Drone  
  19  1:39  Overlord  
  19  2:04  Queen  
  19  2:05  Queen, Zergling x2  
  19  2:06  Zergling x4  
  26  2:09  Metabolic Boost  
  26  2:15  Drone  
  26  2:19  Drone  
  28  2:30  Drone x2  
  28  2:33  Drone  
  31  2:37  Drone  
  31  2:53  Queen, Drone x2  
  31  2:57  Overlord  
  35  3:12  Overlord  
  35  3:13  Hatchery  
  35  3:14  Drone  
  35  3:18  Drone x3  
  38  3:23  Drone x3  
  41  3:35  Lair  
  41  3:36  Zergling x2, Drone  
  41  3:37  Zergling x2, Drone  
  41  3:39  Extractor  
  44  3:42  Extractor  
  44  3:44  Drone  
  44  3:51  Drone  
  45  3:57  Drone x5  
  45  3:58  Drone  
  45  4:00  Overlord  
  49  4:07  Drone  
  49  4:09  Overlord  
  50  4:15  Roach Warren  
  50  4:16  Drone  
  50  4:21  Drone  
  51  4:35  Overlord x2  
  51  4:40  Drone x2  
  51  4:41  Hydralisk Den  
  51  4:44  Drone x2, Extractor  
  53  4:45  Queen  
  53  4:46  Drone x5  
  53  4:48  Extractor  
  53  4:50  Extractor  
  58  4:57  Roach x2  
  62  5:03  Roach x2  
  62  5:06  Spore Crawler  
  65  5:10  Roach  
  65  5:11  Roach  
  65  5:12  Hatchery  
  68  5:17  Lurker Den  
  68  5:20  Drone x2  
  69  5:22  Spore Crawler  
  68  5:31  Hydralisk x3  
  68  5:34  Drone x2  
  68  5:35  Drone  
  77  5:44  Hydralisk x2  
  77  5:46  Overlord  
  81  6:01  Overlord x5  
  81  6:04  Drone  
  74  6:25  Nydus Network  
  73  6:27  Hydralisk x8  
  73  6:29  Zergling x2  
  90  6:34  Pneumatized Carapace  
  90  6:39  Drone  
  92  6:40  Drone x2  
  92  6:41  Baneling Nest, Drone  
  92  6:45  Drone  
  92  6:47  Roach, Hydralisk  
  98  6:56  Zergling x12  
  98  6:58  Lurker x2  
  106  7:04  Queen  
  106  7:05  Zergling x4  
  110  7:20  Lurker  
  110  7:21  Zergling x2, Lurker  
  110  7:22  Zergling x20  
  123  7:33  Drone x4  
  123  7:34  Drone x3  
  123  7:35  Drone  
  129  7:50  Evolution Chamber  
  128  7:52  Evolution Chamber  
  127  7:58  Nydus Canal  
  127  8:01  Lurker x4  
  127  8:04  Overseer  
  116  8:52  Hydralisk x12  
  116  8:53  Hydralisk x4  
  116  8:54  Overlord  
  116  8:55  Overlord x3  
  136  9:04  Nydus Canal  
  136  9:14  Hydralisk x5  
  136  9:16  Overlord  
  146  9:17  Zergling x2  
  146  9:18  Zergling x2  
  142  9:25  Zergling x2  
  142  9:26  Zergling x4  
  142  9:29  Zerg Missile Weapons Level 1  
  142  9:31  Zerg Ground Armor Level 1  
  139  9:50  Roach x7  
  139  9:51  Roach x3  
  156  9:56  Hydralisk x4  
  156  10:08  Zergling x14  
  156  10:09  Lurker x3, Zergling x2  
  156  10:10  Lurker  
  145  10:25  Nydus Canal  
  139  10:29  Roach x13  
  139  10:33  Lurker x2  
  139  10:34  Ravager  
  159  10:54  Ravager  
  159  10:55  Ravager x3  
  146  11:07  Roach x9, Zergling x8  
  146  11:08  Zergling x8  
  154  11:22  Zergling x2  
  154  11:23  Zergling x18  
  164  11:27  Hatchery  
  163  11:34  Ravager x6  
  163  11:36  Zergling x8  
  173  11:40  Nydus Canal  
  137  12:13  Hydralisk  
  137  12:14  Roach x3, Hydralisk x5, Zergling x4  
  137  12:15  Roach x2, Zergling x4  
  163  12:17  Lurker  
  146  12:41  Zergling x2  
  146  12:42  Zergling x20  
  133  13:02  Zergling x18  
  133  13:04  Centrifical Hooks  
  142  13:14  Drone x3  
  142  13:17  Drone x2  
  147  13:23  Drone x6  
  143  13:58  Baneling x18  
  143  13:59  Baneling x11  
  143  14:00  Zergling x4  
  143  14:01  Zergling x34  
  159  14:12  Baneling x5  
  159  14:13  Zergling x16  
  167  14:19  Drone x2  
  169  14:29  Hydralisk  
  169  14:30  Hydralisk x3  
  177  14:32  Zergling x4  
  179  14:56  Zergling x2  
  179  14:57  Zergling x4, Overlord x3  
Show
View Real Time Build Order
Export as new Build Order

LegenD Terran 

Build Orders: Reaper Expand, MMM Bio 

Get SALT Encoding   

  12  0:00  SCV  
  13  0:13  SCV  
  14  0:19  Supply Depot  
  14  0:25  SCV  
  15  0:41  SCV  
  15  0:42  Barracks  
  16  0:47  Refinery  
  16  0:53  SCV  
  17  1:05  SCV  
  18  1:17  SCV  
  19  1:30  Orbital Command  
  19  1:31  Reaper  
  20  1:43  Command Center  
  20  1:57  Barracks  
  20  1:58  SCV  
  21  2:03  Barracks Reactor  
  21  2:13  SCV  
  22  2:22  Supply Depot  
  22  2:27  Factory  
  22  2:30  Refinery  
  22  2:33  SCV  
  23  2:45  SCV  
  23  2:47  Barracks Tech Lab, Marine  
  23  2:48  Marine  
  26  2:55  Orbital Command  
  26  2:57  SCV  
  27  3:12  SCV  
  28  3:13  Marine x3  
  28  3:15  Stimpack  
  31  3:26  Supply Depot  
  31  3:28  SCV  
  31  3:30  SCV  
  31  3:31  Marine x2  
  35  3:36  Marine  
  36  3:45  SCV  
  36  3:47  Starport, Factory Reactor  
  36  4:02  SCV  
  37  4:03  Marine  
  37  4:08  Bunker  
  38  4:11  Supply Depot  
  38  4:12  SCV  
  38  4:13  Supply Depot  
  38  4:16  Supply Depot  
  39  4:17  Marine x2  
  39  4:21  Marine  
  42  4:27  SCV x2  
  44  4:36  Marine  
  44  4:37  Marine  
  46  4:39  Marine  
  46  4:42  SCV, Supply Depot  
  46  4:43  SCV  
  49  4:46  Medivac x2  
  53  4:55  SCV  
  54  5:00  Marine  
  54  5:01  Marine x2  
  54  5:02  SCV  
  58  5:10  SCV  
  59  5:17  Supply Depot  
  59  5:18  Marine, Supply Depot  
  59  5:20  Engineering Bay x2  
  59  5:35  SCV  
  60  5:37  Refinery  
  60  5:39  Command Center  
  60  5:44  SCV  
  60  5:45  Refinery  
  61  5:50  SCV  
  61  5:52  Medivac  
  61  5:53  Combat Shields  
  61  5:56  Marine x2  
  66  5:57  Barracks  
  66  5:58  Barracks  
  66  6:01  SCV  
  66  6:02  SCV  
  53  6:19  Marine  
  53  6:20  Marine x2, Factory Tech Lab  
  53  6:25  Factory  
  56  6:30  Supply Depot  
  56  6:35  Barracks  
  56  6:36  Armory  
  56  6:37  Marine  
  56  6:39  Marine  
  58  6:40  Marine  
  58  6:43  SCV  
  58  6:45  Barracks  
  60  6:54  Siege Tank  
  60  6:55  Marauder  
  60  6:56  Barracks Tech Lab  
  60  6:57  Barracks Tech Lab, Marine  
  60  6:59  Barracks Tech Lab  
  66  7:03  SCV  
  66  7:07  Terran Infantry Weapons Level 1  
  67  7:09  Terran Infantry Armor Level 1  
  67  7:11  Marine, SCV  
  67  7:12  Concussive Shells  
  69  7:23  Marauder x2, Orbital Command  
  72  7:34  SCV x2  
  74  7:37  Barracks Tech Lab  
  74  7:39  Barracks Reactor  
  74  7:40  Factory Tech Lab  
  74  7:41  Siege Tank  
  77  7:46  Terran Vehicle Weapons Level 1, SCV  
  77  7:48  SCV  
  77  7:49  Marine  
  77  7:50  Marine x2, Marauder x2  
  86  8:07  SCV  
  86  8:08  Marauder  
  86  8:10  Supply Depot  
  86  8:11  Supply Depot  
  86  8:12  Supply Depot  
  89  8:13  Barracks Reactor, Supply Depot  
  89  8:14  Siege Tank  
  89  8:15  Supply Depot  
  89  8:17  Marine x5  
  97  8:22  Marine  
  98  8:29  Marine  
  98  8:31  Siege Tank  
  102  8:35  Marine x2  
  102  8:36  Marauder  
  102  8:41  Marauder  
  105  9:04  Marine x2  
  105  9:05  Marine x4, Siege Tank  
  114  9:11  Marine x3  
  117  9:22  Marine x3  
  117  9:23  Marine x3  
  123  9:28  Marine  
  123  9:29  Marine x2  
  126  9:41  Liberator  
  126  9:50  Orbital Command  
  126  9:53  Marine x4  
  126  9:54  Marine x2  
  126  9:58  Supply Depot  
  126  9:59  Supply Depot  
  135  10:05  SCV x2  
  137  10:12  Terran Infantry Weapons Level 2  
  135  10:17  SCV  
  135  10:18  SCV  
  134  10:26  SCV  
  135  10:29  Terran Infantry Armor Level 2  
  135  10:40  Marine x3, Marauder x2  
  132  10:51  Orbital Command  
  123  11:01  Marine x3  
  124  11:08  Marine  
  124  11:09  Marine x2  
  119  11:31  Refinery  
  121  11:36  Marine, Siege Tank x2  
  121  11:37  Marine x2, Marauder  
  121  11:38  Marauder  
  129  11:59  Marauder x2  
  126  12:08  Siege Tank  
  123  12:18  Orbital Command  
  123  12:19  SCV  
  123  12:20  SCV  
  125  12:23  Marine x4, Marauder x2  
  125  12:28  Barracks  
  133  12:31  SCV  
  133  12:33  Command Center  
  124  12:41  Marine  
  123  12:45  Marauder  
  110  13:05  Medivac  
  114  13:07  Medivac  
  114  13:08  SCV x2  
  114  13:12  SCV  
  110  13:20  SCV x2  
  110  13:24  SCV  
  113  13:31  Marine x4, Marauder  
  113  13:32  Marauder, SCV x2  
  123  13:35  Siege Tank x2  
  123  13:36  SCV  
  130  13:44  SCV x2  
  130  13:45  SCV  
  127  14:02  Marine x2  
  126  14:03  Marine x2, Marauder x2  
  126  14:07  Siege Tank  
  126  14:08  Siege Tank  
  136  14:20  Marine x3  
  139  14:30  SCV  
  139  14:31  Refinery, Missile Turret  
  140  14:33  Planetary Fortress  
  140  14:34  Missile Turret  
  140  14:36  Marine  
  140  14:37  Marauder  
  143  14:47  Marine x4  
  143  14:50  SCV  
  148  14:57  Orbital Command  
  141  15:00  Marine, Missile Turret  
  141  15:01  Missile Turret  
  141  15:05  Medivac  
  143  15:11  Marine, Marauder  
  144  15:15  Marine x2  
Tags
 
Add a new tag
Caveats
  • Supply blocks, unpowered buildings, or Contaminate may cause inaccurate times.
  • Supply counts are checked every 10 seconds.